 Dungeon Crawl Stone Soup version 0.31-a0-165-g3f4f80340b (webtiles) character file.

Game seed: 1506570651311518863

455 qw the Chopper (level 7, 0/47 HPs)
             Began as a Gargoyle Fighter on June 13, 2023.
             Slain by a gnoll
             ... wielding a +0 halberd
             ... led by a gnoll sergeant
              (2 damage)
             ... on level 5 of the Dungeon.
             The game lasted 00:01:46 (3023 turns).

qw the Chopper (Gargoyle Fighter)                   Turns: 3023, Time: 00:01:46

Health: 0/47       AC: 20    Str: 27    XL:     7   Next: 5%
Magic:  0/7        EV: 10    Int:  9    God:
Gold:   313        SH:  4    Dex:  9    Spells: 6/6 levels left

rFire   . . .        Y - +0 war axe
rCold   . . .        c - +0 buckler
rNeg    + . .        b - +3 scale mail {Will+}
rPois   inf          (no helmet)
rElec   +            (no cloak)
rCorr   .            (no gloves)
SInv    .            (no boots)
Will    +....        j - amulet of guardian spirit Stlth
                     n - +6 ring of strength
HPRegen 0.27/turn    l - +4 ring of protection
MPRegen 0.10/turn

%: guardian spirit
@: no status effects
A: sickness immunity, AC +4, negative energy resistance 1, electricity
resistance, torment resistance 1, petrification resistance, iridescent scales 1,
robust 1
a: no special abilities


You were on level 5 of the Dungeon.
You visited 1 branch of the dungeon, and saw 5 of its levels.

You collected 313 gold pieces.


Innate Abilities, Weirdness & Mutations

You are immune to sickness and miasma.
Your stone body is resilient. (AC +4)
You are immune to poison.
You resist negative energy. (rN+)
You are resistant to electric shocks. (rElec)
You are resistant to unholy torment.
You are immune to petrification.
You are partially covered in iridescent scales. (AC +2)
You are robust. (+10% HP)


   Skills:
 - Level 4.1 Fighting
 + Level 6.2 Axes
 - Level 3.2 Armour
 - Level 1.0 Dodging
 - Level 3.2 Shields


You had 6 spell levels left.
You didn't know any spells.
Your spell library was empty.

Inventory:

Hand Weapons
 o - a +0 flail
 Y - a +0 war axe (weapon)
Armour
 b - a +3 scale mail of willpower (worn)
 c - a +0 buckler (worn)
 f - a +0 chain mail
Jewellery
 j - an amulet of guardian spirit (around neck)
 l - a +4 ring of protection (right hand)
 n - a +6 ring of strength (left hand)
Scrolls
 a - a scroll of identify
Potions
 d - 2 potions of might
 g - a potion of curing
 k - 2 potions of mutation
 m - a potion of invisibility {unknown}
 p - a potion of haste {unknown}

Dungeon Overview and Level Annotations

Branches:
Dungeon (5/15)
 Temple: D:4-7

Altars:
Kikubaaqudgha
Sif Muna
Uskayaw
Xom


Message History

The black bear barely misses you. The gnoll barely misses you.
You closely miss the black bear.
The black bear is heavily wounded.
The black bear bites you but does no damage.
The black bear claws you but does no damage. x2
The gnoll barely misses you. The gnoll closely misses you.
The black bear barely misses you. The black bear claws you.
The black bear claws you but does no damage.
You closely miss the black bear.
The black bear is heavily wounded.
You block the black bear's attack.
The black bear claws you but does no damage.
The black bear closely misses you. The gnoll hits you but does no damage.
You slash the black bear!
The black bear is almost dead.
The black bear goes berserk!
The gnoll misses you.
You slash the black bear!
You kill the black bear!
The gnoll hits you but does no damage.
Your Axes skill increases to level 6!
You slash the jelly!
Your hands burn!
The jelly is almost dead.
The jelly barely misses you. The gnoll hits you but does no damage.
You hit the jelly.
Your hands burn!
The jelly is almost dead.
You block the jelly's attack. You block the gnoll's attack.
The jelly closely misses you.
The gnoll hits you from afar with a +0 spear.
You slash the jelly!
You kill the jelly!
The gnoll hits you but does no damage.
You have reached level 7!
You slash the gnoll!
The gnoll is almost dead.
A gnoll comes into view. It is wielding a +0 halberd.
The gnoll hits you but does no damage. You block the gnoll's attack.
You closely miss the gnoll.
The gnoll is almost dead.
The gnoll hits you from afar with a +0 halberd.
You die... .. ##.# .#.. ... ..# ###.##### #gg?..ggg

#g#
#@#
#.#
#.#
#.#
#.#
#.#
#.#
#.#
#.#


You could see 3 gnolls.

Vanquished Creatures
  A black bear (D:5)
  A gnoll sergeant (D:5)
  A jelly (D:5)
  An iguana (D:3)
  Terence (D:3)
  6 adders
  6 gnolls
  2 worms
  2 dart slugs
  5 orcs (D:3)
  9 ball pythons
  9 endoplasms
  5 giant cockroaches
  3 goblins
  3 hobgoblins
  11 jackals
  8 kobolds
  4 quokkas
  2 bats (D:2)
  9 frilled lizards
  3 rats
92 creatures vanquished.

Notes
Turn   | Place    | Note
-------+----------+-------------------------------------------
     0 | D:1      | qw the Gargoyle Fighter began the quest for the Orb.
     0 | D:1      | Reached XP level 1. HP: 14/14 MP: 1/1
     0 | D:1      | 0 ||| qw: Version: 0.2-a-29-gc1b59c4
     0 | D:1      | 0 ||| qw: Game counter: 4720
     0 | D:1      | 0 ||| qw: Always use a shield: true
     0 | D:1      | 0 ||| qw: God list: Okawaru
     0 | D:1      | 0 ||| qw: Allow faded altars: false
     0 | D:1      | 0 ||| qw: Do Orc after D:15 true
     0 | D:1      | 0 ||| qw: Do second Lair branch before Depths: true
     0 | D:1      | 0 ||| qw: Lair rune preference: random
     0 | D:1      | 0 ||| qw: Plans: Normal, Zot:1-4, Slime:5, God:TSO, Crypt,
                  | Tomb, Abyss, Pan, Hells, Win
     0 | D:1      | 0 ||| PLANNING D:1-11
    32 | D:1      | Reached skill level 2 in Axes
    97 | D:1      | 97 ||| Stepping ~*~*~tactically~*~*~ (stealth).
   133 | D:1      | 133 ||| Stepping ~*~*~tactically~*~*~ (stealth).
   141 | D:1      | Reached XP level 2. HP: 19/19 MP: 2/2
   187 | D:1      | Found a faded altar of an unknown god.
   418 | D:1      | Reached skill level 3 in Axes
   544 | D:1      | Reached XP level 3. HP: 23/23 MP: 3/3
   583 | D:1      | 583 ||| UPGRADING to amulet of guardian spirit.
   588 | D:1      | 588 ||| UPGRADING to ring of see invisible.
   589 | D:1      | 589 ||| UPGRADING to +4 ring of protection.
   590 | D:1      | 590 ||| READING 2 scrolls labelled TUFIAMER MUTZO.
   591 | D:1      | 591 ||| DRINKING 2 sedimented orange potions.
   672 | D:2      | 672 ||| Stepping ~*~*~tactically~*~*~ (stealth).
   710 | D:2      | Reached XP level 4. HP: 28/28 MP: 4/4
   929 | D:2      | 929 ||| Stepping ~*~*~tactically~*~*~ (stealth).
   930 | D:2      | 930 ||| Stepping ~*~*~tactically~*~*~ (stealth).
  1073 | D:2      | Reached skill level 4 in Axes
  1477 | D:2      | 1477 ||| UPGRADING to +0 chain mail.
  1487 | D:2      | 1487 ||| DROPPING +0 scale mail.
  1488 | D:2      | 1488 ||| DRINKING 2 red potions.
  1488 | D:2      | Gained mutation: You are robust. (+10% HP) [potion of
                  | mutation]
  1488 | D:2      | Gained mutation: You are partially covered in iridescent
                  | scales. (AC +2) [potion of mutation]
  1511 | D:3      | Noticed Terence
  1538 | D:3      | Killed Terence
  1557 | D:3      | 1557 ||| Stepping ~*~*~tactically~*~*~ (stealth).
  1558 | D:3      | 1558 ||| Stepping ~*~*~tactically~*~*~ (stealth).
  1573 | D:3      | 1573 ||| DROPPING +0 whip.
  1591 | D:3      | 1591 ||| Stepping ~*~*~tactically~*~*~ (stealth).
  1625 | D:3      | 1625 ||| Stepping ~*~*~tactically~*~*~ (stealth).
  1628 | D:3      | 1628 ||| Stepping ~*~*~tactically~*~*~ (stealth).
  1631 | D:3      | 1631 ||| Stepping ~*~*~tactically~*~*~ (stealth).
  1643 | D:3      | Reached XP level 5. HP: 29/35 MP: 3/5
  1662 | D:3      | 1662 ||| Stepping ~*~*~tactically~*~*~ (stealth).
  1667 | D:3      | 1667 ||| Stepping ~*~*~tactically~*~*~ (stealth).
  1751 | D:3      | 1751 ||| DROPPING +0 mace.
  1763 | D:3      | Reached skill level 5 in Axes
  2071 | D:3      | Found an ancient bone altar of Kikubaaqudgha.
  2074 | D:3      | Found a hide-covered altar of Uskayaw.
  2078 | D:3      | Found a shimmering blue altar of Sif Muna.
  2079 | D:3      | Found a shimmering altar of Xom.
  2196 | D:3      | 2196 ||| STAIRDANCE
  2224 | D:2      | 2224 ||| UPGRADING to +3 scale mail of willpower.
  2234 | D:2      | 2234 ||| READING scroll labelled NASTRISTUNI.
  2493 | D:4      | Identified the +1 robe of Light {Harm}
  2564 | D:4      | 2564 ||| Stepping ~*~*~tactically~*~*~ (stealth).
  2567 | D:4      | 2567 ||| Stepping ~*~*~tactically~*~*~ (stealth).
  2619 | D:4      | Reached XP level 6. HP: 26/41 MP: 3/6
  2622 | D:4      | Reached skill level 1 in Dodging
  2943 | D:4      | 2943 ||| UPGRADING to +6 ring of strength.
  2945 | D:4      | 2945 ||| DROPPING ring of see invisible.
  2946 | D:4      | 2946 ||| READING scroll labelled KOREDW ESAOLO.
  2947 | D:4      | 2947 ||| READING scroll labelled CEUGGONOOMA.
  2948 | D:4      | 2948 ||| READING scroll labelled SEAPOR YVIPP.
  2949 | D:4      | 2949 ||| DRINKING 2 ruby potions.
  2950 | D:4      | 2950 ||| READING 2 scrolls of identify.
  2950 | D:4      | 2950 ||| IDENTIFYING bubbling grey potion
  2951 | D:4      | 2951 ||| DROPPING potion of degeneration.
  2952 | D:4      | 2952 ||| DROPPING potion of brilliance.
  2976 | D:5      | Entered Level 5 of the Dungeon
  2990 | D:5      | Noticed a black bear
  2991 | D:5      | 2991 ||| Stepping ~*~*~tactically~*~*~ (hiding).
  2992 | D:5      | 2992 ||| Stepping ~*~*~tactically~*~*~ (stealth).
  3014 | D:5      | HP: 7/41 [black bear (5)]
  3018 | D:5      | Killed a black bear
  3019 | D:5      | Reached skill level 6 in Axes
  3020 | D:5      | HP: 3/41 [acid (5)]
  3020 | D:5      | HP: 1/41 [gnoll/+0 spear[a gnoll sergeant] (3)]
  3022 | D:5      | Reached XP level 7. HP: 1/47 MP: 0/7
  3023 | D:5      | Slain by a gnoll

Levels and vault maps discovered:
D:1:      amcnicky_arrival_feature_with_door, layout_rooms,
          ebering_ecumenical_altar_sacrificial, minivault_5
D:2:      cheibrodos_old_hovel, layout_basic, minmay_stone_trees_small,
          minmay_tromino_i2
D:3:      layout_loops_ring, minitemple, minmay_box_of_dots, uniq_terence
D:4:      layout_cave_pools, kennysheep_generic_room_3
D:5:      layout_basic, minmay_temple_entry_mist, roderic_batcave,
          minmay_between

Skill      XL: |  1  2  3  4  5  6 |
---------------+-------------------+-----
Axes           | 2 3 4 5 6 |  6.2
Fighting       | 4 |  4.1
Dodging        | 1 |  1.0
Armour         | |  3.2
Shields        | |  3.2

Action                     |  1- 3 |  4- 6 |  7- 9 || total
---------------------------+-------+-------+-------++-------
  Melee: War axe           |    78 |   195 |     2 ||   275
    Use: Potion            |     1 |     2 |       ||     3
         Scroll            |     1 |     5 |       ||     6
 Armour: Scale mail        |    41 |    65 |     1 ||   107
         Chain mail        |       |    51 |       ||    51
  Dodge: Dodged            |    37 |    90 |       ||   127
  Block: Buckler           |    12 |    46 |     1 ||    59

Table legend:
 A = Non-vault XP
 B = Vault XP
 C = Vault XP percentage of total XP
 D = Non-vault monster count
 E = Vault monster count
 F = Vault count percentage of total count
                 A         B        C        D         E       F
            +---------+---------+-------+---------+---------+-------
      Total |     509 |     141 |  21.7 |      83 |       9 |   9.8
            +---------+---------+-------+---------+---------+-------
        D:1 |      38 |       0 |   0.0 |      23 |       0 |   0.0
        D:2 |      58 |      17 |  22.7 |      14 |       3 |  17.6
        D:3 |      56 |      82 |  59.4 |      25 |       5 |  16.7
        D:4 |     106 |       0 |   0.0 |      17 |       0 |   0.0
        D:5 |     251 |      42 |  14.3 |       4 |       1 |  20.0
            +---------+---------+-------+---------+---------+-------
